 Dungeon Crawl Stone Soup version 0.30.1-11-g7821555f0a (webtiles) character file.

Game seed: 1670958973756776452

36 MrIGI the Shield-Bearer (level 3, 0/36 HPs)
             Began as a Troll Fighter on Dec 22, 2023.
             Slain by an orc
             ... wielding a +0 club
              (3 damage)
             ... on level 2 of the Dungeon.
             The game lasted 00:01:08 (427 turns).

MrIGI the Shield-Bearer (Troll Fighter)              Turns: 427, Time: 00:01:08

Health: 0/36       AC:  4    Str: 26    XL:     3   Next: 19%
Magic:  2/2        EV:  9    Int:  4    God:
Gold:   79         SH:  7    Dex:  9    Spells: 2/2 levels left

rFire   . .          .
                       - Unarmed
rCold   . . .        b - +0 kite shield
rNeg    . . .        a - +0 robe
rPois   .            (helmet restricted)
rElec   .            (no cloak)
rCorr   .            (gloves unavailable)
SInv    .            (boots unavailable)
Will    .....        (no amulet)
Stlth   +            (no ring)
HPRegen 1.06/turn    (no ring)
MPRegen 0.08/turn

%: no passive effects
@: no status effects
A: large, unfitting armour, claws 3, regeneration 1, shaggy fur 1, tough skin 1
a: no special abilities


You were on level 2 of the Dungeon.
You visited 1 branch of the dungeon, and saw 2 of its levels.

You collected 79 gold pieces.

Inventory:

Armour
 a - a +0 robe (worn)
 b - a +0 kite shield (worn)
 l - a +1 pair of boots
Scrolls
 d - a scroll of identify {unknown}
 e - 2 scrolls of enchant armour {unknown}
 i - a scroll of teleportation {unknown}
Potions
 c - a potion of might
 f - a potion of brilliance {unknown}
 g - a potion of ambrosia {unknown}
 h - 2 potions of haste {unknown}
 j - a potion of flight {unknown}
 k - a potion of cancellation {unknown}


   Skills:
 + Level 2.7 Fighting
 + Level 2.7 Dodging
 + Level 3.0 Shields
 * Level 2.7 Unarmed Combat


You had 2 spell levels left.
You didn't know any spells.
Your spell library was empty.

Dungeon Overview and Level Annotations

Branches:
Dungeon (2/15)

Altars:


Innate Abilities, Weirdness & Mutations

You are too large for most types of armour.
You have claws for hands.
Your natural rate of healing is unusually fast.
You are covered in fur. (AC +1)
You have tough skin. (AC +1)


Message History

You block the orc's attack. The orc barely misses you. Something hits you.
Something burns you.
You barely miss something. The orc hits you but does no damage.
Something hits you. Something burns you.
* * * LOW HITPOINT WARNING * * *
The orc misses you.
You barely miss something. The orc closely misses you.
The orc barely misses you. Something hits you but does no damage.
You miss something. You block the orc's attack. The orc barely misses you.
Something hits you.
* * * LOW HITPOINT WARNING * * *
Something burns you.
* * * LOW HITPOINT WARNING * * *
You claw something! The orc hits you with a +0 club.
* * * LOW HITPOINT WARNING * * *
The orc hits you with a +0 club.
* * * LOW HITPOINT WARNING * * *
You block something's attack.
You barely miss something. You block the orc's attack.
The orc closely misses you. Something hits you.
* * * LOW HITPOINT WARNING * * *
Something burns you.
* * * LOW HITPOINT WARNING * * *
You miss something. The orc hits you but does no damage. x2
Something hits you but does no damage.
You closely miss something. You block the orc's attack.
The orc completely misses you. Something hits you.
* * * LOW HITPOINT WARNING * * *
Something burns you.
* * * LOW HITPOINT WARNING * * *
You scratch something.
The orc barely misses you. x2; Something hits you.
* * * LOW HITPOINT WARNING * * *
Something burns you.
* * * LOW HITPOINT WARNING * * *
You miss something.
An orc wizard appears from thin air!
Reactivating autopickup.
The orc hits you with a +0 club.
* * * LOW HITPOINT WARNING * * *
The orc hits you with a +0 club.
You die...

#.## .#
##...#####.#
..........# #.#
#.......# #.#
#.......# #.#
#.......# #.#
#...)...# #.#
#....oo.# #.#
#....o@.# #.#
#####.......# #)#
...........?# #.#
.........#### #.#
......#....### #.#
#######.##...# #.#
#.####.#####.####.#
#.................#
######.##...#######


You could see an orc wizard and 2 orcs.

Vanquished Creatures
  An adder (D:2)
  An orc (D:2)
  A bat (D:1)
  An endoplasm (D:1)
  2 giant cockroaches
  3 goblins (D:1)
  2 hobgoblins (D:1)
  7 ball pythons
  A frilled lizard (D:1)
  4 kobolds
  3 rats (D:1)
26 creatures vanquished.

Notes
Turn   | Place    | Note
-------+----------+-------------------------------------------
     0 | D:1      | MrIGI the Troll Fighter began the quest for the Orb.
     0 | D:1      | Reached XP level 1. HP: 22/22 MP: 0/0
   172 | D:1      | Reached XP level 2. HP: 29/29 MP: 1/1
   368 | D:1      | You fall into a shaft and drop 1 floor!
   407 | D:2      | Reached skill level 3 in Shields
   407 | D:2      | Reached XP level 3. HP: 36/36 MP: 2/2
   427 | D:2      | Slain by an orc

Illustrated notes

Levels and vault maps discovered:
D:1:      sevenhm_arrival_forest_fort_small_4, layout_basic,
          serial_bayou_pond_d, grunt_decor_cap, minmay_ruptured
D:2:      layout_basic, basic_ecumenical_altar, serial_bayou_crossing

Skill      XL: |  1  2 |
---------------+-------+-----
Shields        | 3 |  3.0
Fighting       | |  2.7
Dodging        | |  2.7
Unarmed Combat | |  2.7

Action                     || total
---------------------------++-------
  Melee: Unarmed           ||    60
 Armour: Robe              ||    16
  Dodge: Dodged            ||    28
  Block: Kite shield       ||    17
